AoeStats
← Hößi

Northern Isles

510519561Analyzed
1v1 RM · 20h ago on Oct 1, 2026· 36m 36s· 2 players
Game mode
Random Map
Map size
Tiny (2 player)
Population
200
Speed
Normal
Resources
Standard
Victory
Conquest
Starting age
Dark Age
Ending age
Imperial Age
RankedLock teamsTeams togetherTeam positionsShared explorationLock speedFull tech treeHidden civsTurbo modeCheats
Victory
Defeat
🇨🇳 Vikings · China
1404
+14
🇩🇪 Vikings · Germany
1365
-14
makoto11037090411
7:38 Loom
10:06 Feudal Age
10:57 Double-Bit Axe
17:14 Forging
17:13 Fletching
18:38 Horse Collar
24:07 Castle Age
22:00 Fishing Lines
23:18 Gold Mining
25:00 Bow Saw
25:23 Medium Warships
26:07 Iron Casting
25:29 Bodkin Arrow
27:07 Clinker Construction
27:08 Careening
27:41 Siphons
28:41 Gold Shaft Mining
28:52 Town Watch
29:23 Gillnets
29:31 Stone Mining
32:08 Town Patrol
36:02 Imperial Age
37:11 Bracer
37:34 Ballistics
Hößi
10:28 Feudal Age
11:02 Double-Bit Axe
11:56 Loom
20:07 Castle Age
19:05 Fletching
20:58 Bow Saw
21:17 Bodkin Arrow
23:51 Town Watch
25:30 Clinker Construction
26:57 Ballistics
27:11 Careening
27:59 Horse Collar
29:31 Gold Mining
29:31 Stone Mining
30:49 Guard Tower
34:44 Medium Warships
38:35 Imperial Age
Connection lost

Rejoining the realm…

Still unreachable

The connection could not be restored.

Session expired

The server has moved on; the page needs a fresh start.